Unix NetHack Version 3.7.0-97 Work-in-progress - last build Feb 8 2024 15:05:57 (6d6cdf8371b60126770a3d7b88910941cb14a054,branch:master). Game began 2024-02-11 10:58:13, ended 2024-02-11 11:09:56. elenmirie, neutral female gnomish Archeologist ------ ----- |....| ----------------################0############-...| |....-## |.........>.....##########00########### |...| |....| # #-..............|# |...| |.....## #|..............| -|--- -.-|--### ###----+----------- #### ### # ## # ## # ## %# # # # ### # ##------# # # #|....-# ------|-------- # #|..^.| -.............| --.---- #.....| |....)........| |.<...| ------ ## # |....)........| |.....| ######..............| |.....-################################@doi######### |.........>...| ------- --------------- Elenmirie the Field Worker St:11 Dx:7 Co:16 In:16 Wi:16 Ch:8 Neutral Dlvl:3 $:114 HP:0(27) Pw:20(20) AC:7 Xp:3/56 T:1401 Latest messages: Your movements are now unencumbered. The sewer rat misses! The sewer rat bites! The wererat bites! Yermak misses the wererat. You miss the wererat. The sewer rat bites! The sewer rat bites! The wererat misses! Yermak misses the wererat. Yermak misses the wererat. Your silver saber sears the wererat's flesh! You kill the wererat! The sewer rat bites! The sewer rat bites! Yermak bites the sewer rat. The sewer rat is killed! You miss the sewer rat. The sewer rat bites! Yermak eats a sewer rat corpse. You miss the sewer rat. The sewer rat bites! You miss the sewer rat. The sewer rat bites! You kill the sewer rat! You stop searching. Yermak misses the jackal. Yermak bites the jackal. Yermak eats a jackal corpse. You are in full health. The hobgoblin wields a pole sickle! You miss the hobgoblin. The hobgoblin bashes with his pole sickle. The hobgoblin hits! You miss the hobgoblin. The hobgoblin bashes with his pole sickle. The hobgoblin hits! You miss the hobgoblin. The hobgoblin bashes with his pole sickle. The hobgoblin hits! You miss the hobgoblin. You swap places with Yermak. The hobgoblin thrusts a pole sickle. You are hit by a pole sickle. You die... Do you want your possessions identified? [ynq] (y) y Do you want to see your attributes? [ynq] (y) y Do you want an account of creatures vanquished? [ynaq] (y) y Do you want to see your conduct and achievements? [ynq] (y) y Do you want to see the dungeon overview? [ynq] (y) y Inventory: Coins $ - 114 gold pieces Amulets A - an uncursed amulet versus poison (being worn) Weapons a - an uncursed +2 bullwhip v - an uncursed +0 silver saber (weapon in right hand) Armor c - an uncursed +0 fedora (being worn) p - an uncursed +0 studded leather armor (being worn) Comestibles x - 2 uncursed ancient fruitcakes d - 5 uncursed food rations Wands u - an uncursed wand of cancellation (0:7) Tools w - an uncursed sack containing 6 items e - an uncursed skeleton key t - an uncursed tinning kit (0:85) Gems/Stones y - an uncursed agate stone g - an uncursed touchstone Contents of the sack: an uncursed scroll of charging an uncursed potion of fruit juice an uncursed potion of gain ability an uncursed potion of paralysis a blessed potion of speed an uncursed +0 pick-axe Elenmirie the Archeologist's attributes: Background: You were a Field Worker, a level 3 female gnomish Archeologist. You were neutral, on a mission for Camaxtli who was opposed by Quetzalcoatl (lawful) and Huhetotl (chaotic). You were right-handed. You were in the Dungeons of Doom, on level 3. You entered the dungeon 1401 turns ago. There was a new moon in effect when your adventure ended. You had 56 experience points, 24 more were needed to attain level 4. Basics: You had 0 out of 27 hit points. You had all 20 energy points (spell power). Your armor class was 7. Your wallet contained 114 zorkmids. Autopickup was on for '$' plus thrown. Final Characteristics: Your strength was 11 (limit:18/50). Your dexterity was 7 (limit:18). Your constitution was 16 (limit:18). Your intelligence was 16 (limit:19). Your wisdom was 16 (limit:18). Your charisma was 8 (limit:18). Final Status: You weren't hungry. You were unencumbered. You were wielding a saber. You were unskilled in saber. Final Attributes: You were devoutly aligned. You were poison resistant. You had automatic searching. You had infravision. You were warded. You are dead. Miscellaneous: You never encountered a bones level. Total elapsed playing time was 11 minutes and 43 seconds. Major events: Turn 1: elenmirie the neutral female gnomish Archeologist entered the dungeon 708: attained the rank of Field Worker (level 3) 1401: killed by a fauchard Vanquished creatures: a giant bat an orc zombie a wererat 2 acid blobs a hobbit a large kobold a cave spider 3 geckos 3 jackals a kobold 3 goblins 7 sewer rats 4 lichens a kobold zombie 4 newts 34 creatures vanquished. No species were genocided or became extinct. Voluntary challenges: You were illiterate. You never engraved Elbereth. You never genocided any monsters. You never polymorphed an object. You never changed form. You used no wishes. Achievements: You entered a shop. You attained the rank of Field Worker. The Dungeons of Doom: levels 1 to 3 Level 1: A sink. Level 2: "exp water in shop" Level 3: <- You were here. Final resting place for you, killed by a fauchard. Game over: ---------- / \ / REST \ / IN \ / PEACE \ / \ | elenmirie | | 114 Au | | killed by a | | fauchard | | | | | | 2024 | *| * * * | * _________)/\\_//(\/(/\)/\//\/|_)_______ Goodbye elenmirie the Archeologist... You died in The Dungeons of Doom on dungeon level 3 with 437 points, and 114 pieces of gold, after 1401 moves. You were level 3 with a maximum of 27 hit points when you died.